 Dungeon Crawl Stone Soup version 0.18-a0-1273-g8ec5f8e (webtiles) character file.

5966 Duffy the Fighter (level 10, -1/68 HPs)
             Began as a Deep Elf Conjurer on Feb 7, 2016.
             Was a Believer of Vehumet.
             Slain by Fannar
             ... wielding a +0 quarterstaff of freezing
              (7 damage)
             ... on level 10 of the Dungeon.
             The game lasted 00:13:56 (8799 turns).

Duffy the Fighter (Deep Elf Conjurer)               Turns: 8799, Time: 00:13:56

Health: -1/68      AC:  9    Str:  5    XL:     10   Next: 55%
Magic:  13/22      EV: 20    Int: 21    God:    Vehumet [**....]
Gold:   558        SH:  0    Dex: 18    Spells: 5 memorised, 7 levels left

rFire  . . .     SeeInvis .     x - +12 long sword "Woneawica" {flame, *Contam rPois rN+}
rCold  . . .     Gourm    .     y - +2 robe of the Equinox {Regen+}
rNeg   + . .     Faith    .     (no shield)
rPois  +         Spirit   .     o - +0 helmet
rElec  .         Dismiss  .     q - +0 cloak
rCorr  .         Reflect  .     e - +0 pair of gloves
SustAt .         Harm     .     E - +1 pair of boots
MR     +....                    (no amulet)
Stlth  ++........               (no ring)
                                l - +2 ring of evasion

@: somewhat resistant to hostile enchantments, unstealthy
A: no striking features
a: Renounce Religion


You were on level 10 of the Dungeon.
You worshipped Vehumet.
Vehumet was pleased with you.
You were not hungry.

You visited 2 branches of the dungeon, and saw 11 of its levels.

You collected 558 gold pieces.


   Skills:
 - Level 10.0 Fighting
 - Level 7.4 Dodging
 - Level 2.4 Stealth
 + Level 7.0 Spellcasting
 * Level 7.9 Conjurations
 - Level 4.2 Hexes
 + Level 3.5 Charms


You had 7 spell levels left.
You knew the following spells:

 Your Spells              Type           Power        Failure   Level  Hunger
a - Magic Dart            Conj           ####         1%          1    None
i - Iskenderun's Battles  Conj/Chrm      ####....     28%         5    #####..
l - Iskenderun's Mystic   Conj           #####...     3%          4    ###....
n - Fulminant Prism       Conj/Hex       ####......   10%         4    ###....
s - Searing Ray           Conj           #####.       1%          2    None

Inventory:

Hand Weapons
 x - the +12 long sword "Woneawica" (weapon) {flame, *Contam rPois rN+}

   It has been specially enchanted to burn those struck by it, causing extra
   injury to most foes and up to half again as much damage against particularly
   susceptible opponents.
   Big, fiery blades are also staple armaments of hydra-hunters.
   It protects you from poison.
   It protects you from negative energy.
   It causes magical contamination when unequipped.
 D - a +0 blowgun
Missiles
 h - 48 poisoned needles
 r - 3 curare-tipped needles
Armour
 a - a +0 robe
 e - a +0 pair of gloves (worn)
 o - a +0 helmet (worn)
 q - a +0 cloak (worn)
 y - the +2 robe of the Equinox (worn) {Regen+}

   It increases your rate of regeneration.
 E - a +1 pair of boots (worn)
 N - a steam dragon hide
Jewellery
 l - a +2 ring of evasion (left hand)
Wands
 m - a wand of polymorph (14/24)
 G - a wand of flame (11/48)
 L - a wand of confusion (18/48)
Scrolls
 d - 2 scrolls of enchant weapon {unknown}
 j - a scroll of random uselessness {unknown}
 k - 5 scrolls of identify {unknown}
 s - 3 scrolls of teleportation {unknown}
 t - 4 scrolls of remove curse {unknown}
 u - 3 scrolls of immolation {unknown}
 A - 3 scrolls of fog {unknown}
 C - a scroll of blinking {unknown}
 J - a scroll of enchant armour {unknown}
 K - 2 scrolls of amnesia {unknown}
Potions
 f - 3 potions of might {unknown}
 g - a potion of mutation {unknown}
 i - 2 potions of heal wounds
 n - 4 potions of lignification {unknown}
 v - 2 potions of brilliance {unknown}
 w - 2 potions of beneficial mutation {unknown}
 F - a potion of curing {unknown}
 H - 2 potions of agility
 O - a potion of cancellation {unknown}
Books
 b - a book of Conjurations
 p - a book of Frost
 z - a book of Alchemy
 B - a book of Spatial Translocations
Comestibles
 c - 10 bread rations
 I - 8 chunks of flesh
 M - 3 meat rations

Dungeon Overview and Level Annotations

Branches:
Dungeon (10/15)            Temple (1/1) D:7
   Lair: D:8-11         Orc: D:9-12

Altars:
Ashenzari
Cheibriados
Dithmenos
Elyvilon
Fedhas
Gozag
Kikubaaqudgha
Makhleb
Nemelex Xobeh
Okawaru
Qazlal
Sif Muna
Trog
Vehumet
Xom
Yredelemnul
Zin
The Shining One

Annotations:
D:10 Fannar


Message History

The ice beast barely misses you. The ice beast completely misses you.
Fannar glares icily.
Fannar barely misses you.
The ice beast hits you but does no damage.
The ice beast closely misses you.
You hit Fannar but do no damage.
Fannar is moderately wounded.
The ice beast misses you. Fannar hits you but does no damage.
The ice beast barely misses you. The ice beast completely misses you.
The ice beast misses you. Fannar blocks your attack.
Fannar is moderately wounded.
Fannar hits you but does no damage. The ice beast misses you.
The ice beast closely misses you. x2; Fannar misses you.
The ice beast barely misses you.
You closely miss Fannar.
Fannar is moderately wounded.
The ice beast completely misses you. The ice beast closely misses you.
The ice beast misses you. Fannar hits you but does no damage.
The ice beast completely misses you.
You hit Fannar. You burn Fannar.
Fannar's icy armour evaporates.
Fannar is heavily wounded.
The ice beast closely misses you. x2; Fannar completely misses you.
The ice beast hits you but does no damage.
The ice beast barely misses you. The ice beast closely misses you.
You slash Fannar! You burn Fannar.
Fannar is heavily wounded.
Fannar hits you with a quarterstaff of freezing!
Fannar freezes you.
The ice beast hits you but does no damage.
The ice beast barely misses you. The ice beast hits you.
The ice beast freezes you.
The ice beast hits you but does no damage.
Fannar hits you with a quarterstaff of freezing!
You die...

##.#### #[....#
#...>....# #.....#
#........# #.....#
#........# #.....#
#..$.....# #.....###
#........# #....)..##
#..F.)...#
#.....#..####.YeY....#
#.....##...##.Y@.....#
#.....####..'........+
#.....# ####........#
###.#### #####+####
#....# ####.# #####'##
#......# #......#
##+#######


You could see Fannar, 3 ice beasts and a giant frog.

Action                   |  1- 3 |  4- 6 |  7- 9 | 10-12 || total
-------------------------+-------+-------+-------+-------++-------
Melee: Unarmed           |     2 |       |       |       ||     2
       Long sword        |       |       |   134 |    67 ||   201
 Cast: Magic Dart        |    88 |    85 |    16 |    43 ||   232
       Searing Ray       |       |    15 |    12 |     1 ||    28
       Fulminant Prism   |       |       |     8 |     2 ||    10
       Iskenderun's Batt |       |       |     1 |     3 ||     4
       Iskenderun's Myst |       |       |       |     1 ||     1
 Stab: Sleeping          |       |       |     3 |     1 ||     4
  Eat: Chunk             |     2 |     7 |    13 |     5 ||    27

Notes
Turn   | Place    | Note
--------------------------------------------------------------
     0 | D:1      | Duffy the Deep Elf Conjurer began the quest for the Orb.
     0 | D:1      | Reached XP level 1. HP: 10/10 MP: 6/6
   226 | D:1      | Reached XP level 2. HP: 15/15 MP: 2/8
   230 | D:1      | Learned a level 2 spell: Searing Ray
   926 | D:2      | Reached skill level 4 in Spellcasting
  1032 | D:2      | Reached XP level 3. HP: 19/19 MP: 6/10
  1034 | D:2      | Reached skill level 5 in Conjurations
  1681 | D:2      | Reached XP level 4. HP: 24/24 MP: 10/12
  1696 | D:2      | Learned a level 4 spell: Iskenderun's Mystic Blast
  1701 | D:2      | Learned a level 4 spell: Fulminant Prism
  1752 | D:2      | Noticed Terence
  1764 | D:2      | Killed Terence
  1764 | D:2      | Reached skill level 2 in Hexes
  2032 | D:3      | Reached skill level 3 in Hexes
  2174 | D:3      | Reached XP level 5. HP: 28/28 MP: 11/13
  2634 | D:3      | Found a bloodstained altar of Trog.
  2764 | D:3      | Reached skill level 4 in Hexes
  2878 | D:4      | Reached skill level 5 in Spellcasting
  3229 | D:4      | Reached skill level 6 in Conjurations
  3229 | D:4      | Reached XP level 6. HP: 32/32 MP: 9/16
  3456 | D:4      | Reached skill level 6 in Spellcasting
  3463 | D:4      | Learned a level 5 spell: Iskenderun's Battlesphere
  3647 | D:4      | Found a snail-covered altar of Cheibriados.
  3961 | D:4      | Reached skill level 7 in Conjurations
  3961 | D:4      | Reached skill level 1 in Charms
  3961 | D:4      | Reached XP level 7. HP: 36/36 MP: 8/18
  4206 | D:5      | Entered Level 5 of the Dungeon
  4209 | D:5      | Got a shimmering long sword
  4212 | D:5      | Identified the +12 long sword "Woneawica" {flame, *Contam rPois rN+} (You found it on level 5 of the Dungeon)
  4227 | D:5      | Reached skill level 2 in Charms
  4228 | D:5      | Noticed Blork the orc
  4234 | D:5      | Killed Blork the orc
  4541 | D:5      | Noticed Edmund
  4570 | D:5      | Killed Edmund
  4570 | D:5      | Reached skill level 1 in Fighting
  4570 | D:5      | Reached skill level 3 in Dodging
  4685 | D:5      | Found a sparkling altar of Nemelex Xobeh.
  4696 | D:5      | Reached skill level 2 in Fighting
  4696 | D:5      | Reached skill level 4 in Dodging
  4823 | D:5      | Got a colourful robe
  4834 | D:5      | Identified the +2 robe of the Equinox {Regen+} (You found it on level 5 of the Dungeon)
  4890 | D:5      | Noticed Prince Ribbit
  4898 | D:5      | Killed Prince Ribbit
  4898 | D:5      | Reached XP level 8. HP: 45/45 MP: 3/20
  4912 | D:4      | Reached skill level 5 in Dodging
  5000 | D:5      | Reached skill level 3 in Fighting
  5608 | D:6      | Reached skill level 6 in Dodging
  5865 | D:6      | Found a shattered altar of Ashenzari.
  5868 | D:6      | Reached skill level 4 in Fighting
  6192 | D:6      | Found a glowing silver altar of Zin.
  6259 | D:7      | Found a staircase to the Ecumenical Temple.
  6266 | Temple   | Entered the Ecumenical Temple
  6360 | Temple   | Became a worshipper of Vehumet
  6374 | D:7      | Reached skill level 7 in Dodging
  6562 | D:7      | Reached XP level 9. HP: 26/53 MP: 21/21
  6643 | D:7      | Found an iron altar of Okawaru.
  6643 | D:7      | Noticed Menkaure
  6726 | D:7      | Reached skill level 5 in Fighting
  6793 | D:7      | Killed Menkaure
  6889 | D:7      | Reached skill level 6 in Fighting
  7253 | D:8      | Reached * piety under Vehumet
  7253 | D:8      | Offered knowledge of Shock by Vehumet.
  7344 | D:8      | Noticed YrmMerkstave's ghost (novice DrTm)
  7366 | D:8      | Killed YrmMerkstave's ghost
  7366 | D:8      | Reached skill level 7 in Fighting
  7431 | D:8      | Reached skill level 8 in Fighting
  7701 | D:9      | Noticed Erica
  7719 | D:9      | Killed Erica
  7719 | D:9      | Reached skill level 9 in Fighting
  7719 | D:9      | Reached XP level 10. HP: 36/66 MP: 22/22
  7827 | D:9      | Noticed Psyche
  7834 | D:9      | Killed Psyche
  7891 | D:9      | Noticed Maurice
  7908 | D:9      | Killed Maurice
  8111 | D:9      | Found a shadowy altar of Dithmenos.
  8175 | D:9      | Reached skill level 10 in Fighting
  8434 | D:9      | Reached skill level 3 in Charms
  8680 | D:10     | Entered Level 10 of the Dungeon
  8692 | D:10     | Offered knowledge of Sting by Vehumet.
  8722 | D:10     | Reached ** piety under Vehumet
  8780 | D:10     | Noticed Fannar
  8785 | D:10     | Reached skill level 7 in Spellcasting
  8799 | D:10     | Slain by Fannar

Vault maps used:
D:1:      mainiacjoe_arrival_reflecting_pool
D:2:      uniq_terence
D:3:      trog_book
D:4:      cheibriados_altar_wand_db, hangedman_abyss_or_decor_slice
D:5:      nicolae_overflow_crystal_walls, first_bread, uniq_blork_the_orc,
          uniq_edmund, uniq_prince_ribbit1
D:6:      old_standard_altar, zin_treasury
D:7:      lemuel_ice_spiral_2, okawaru_trees_1,
          minmay_temple_entry_purple_smoke, the_bakery, uniq_menkaure
D:8:      lemuel_castle_with_subvaults, lemuel_coloured_pillars_altar,
          overflow_temple_1_default
D:9:      nicolae_dithmenos_the_darkroom, uniq_erica, uniq_psyche, uniq_maurice
D:10:     lair_0_dummy, uniq_fannar, uniq_gastronok, uniq_nergalle
Temple:   circular_temple_12

Vanquished Creatures
  Erica
  The ghost of YrmMerkstave the Transmogrifier, a novice DrTm of Sif Muna Maurice Psyche Prince Ribbit
  A spriggan
  A hippogriff
  A steam dragon Menkaure
  3 wargs Edmund
  An ice beast
  2 orc warriors
  2 sky beasts
  A necrophage
  A phantom
  3 centaurs
  7 ogres Blork the orc
  A gnoll sergeant
  2 scorpions
  2 crimson imps
  A quasit
  3 orc priests
  A jelly
  7 hounds
  A centaur skeleton
  2 iguanas Terence
  A giant frog skeleton
  7 orc wizards
  8 worker ants
  A hound skeleton
  3 gnolls
  15 adders
  2 shadow imps
  An ooze
  3 adder skeletons
  2 worms
  5 giant geckos
  32 orcs
  A ball python
  4 giant cockroaches
  10 goblins
  6 hobgoblins
  6 jackals
  9 kobolds
  2 quokkas
  8 bats
  11 giant newts
  6 rats
  10 fulminant prisms
205 creatures vanquished.
